[Event "ICCopen2017"]
[Site "Internet Chess Club"]
[Date "2017.04.02"]
[Round "3"]
[White "SasaMike"]
[Black "wmanthony"]
[Result "1-0"]
[ICCResult "Black forfeits on time"]
[WhiteElo "1722"]
[BlackElo "1324"]
[Opening "Philidor's defense"]
[ECO "C41"]
[NIC "KP.10"]
[Time "19:29:15"]
[TimeControl "180+0"]

1. e4 e5 2. Nf3 d6 3. Bc4 Be7 4. O-O Nf6 5. d3 O-O 6. h3 c6 7. c3 a5 8. a4
b6 9. Re1 Ba6 10. Nbd2 Nbd7 11. Bxa6 Rxa6 12. d4 c5 13. Qe2 Ra8 14. dxe5
Nxe5 15. Nxe5 dxe5 16. Nc4 Qc7 17. Na3 Rfd8 18. Bg5 h6 19. Bxf6 Bxf6 20.
Rad1 Rxd1 21. Rxd1 Rd8 22. Nb5 Rxd1+ 23. Qxd1 Qd8 24. Qxd8+ Bxd8 25. c4 f6
26. g4 Kf7 27. f3 Ke6 28. h4 g6 29. Kf2 f5 30. gxf5+ gxf5 31. Kg3 fxe4 32.
fxe4 h5 33. Nc3 Kd6 34. Nd5 Ke6 35. Ne3 Be7 36. Nf5 {Black forfeits on time}
1-0

[Event "ICCopen2017"]
[Site "Internet Chess Club"]
[Date "2017.04.02"]
[Round "3"]
[White "Trentosk"]
[Black "Unbeliever"]
[Result "1-0"]
[ICCResult "Black forfeits on time"]
[WhiteElo "2481"]
[BlackElo "1782"]
[Opening "Dutch, 2.Bg5 variation"]
[ECO "A80"]
[NIC "HD.12"]
[Time "19:28:42"]
[TimeControl "180+0"]

1. d4 f5 2. Bg5 g6 3. h4 Bg7 4. h5 h6 5. Bc1 g5 6. Nc3 d5 7. f4 g4 8. e3 Nf6
9. Bd3 Ne4 10. Nge2 Be6 11. Bxe4 dxe4 12. d5 Bf7 13. Nd4 Qd7 14. O-O O-O 15.
b3 Bxd5 16. Nxd5 Qxd5 17. c3 c5 18. Ne2 Qd3 19. Rb1 Nc6 20. Rb2 Rad8 21. Qe1
Qd7 22. Rd2 Qe8 23. Ng3 e6 24. Bb2 Qe7 25. Qe2 Rxd2 26. Qxd2 Rd8 27. Qe2 Qf6
28. Rd1 Rd5 29. Kf2 a6 30. c4 Qxb2 31. Qxb2 Bxb2 32. cxd5 exd5 33. Rxd5 Ne7
34. Rd7 Kf8 35. Rxb7 Bf6 36. Rb6 Bh4 37. Rxa6 Nd5 38. Rxh6
{Black forfeits on time}
1-0

[Event "ICCopen2017"]
[Site "Internet Chess Club"]
[Date "2017.04.02"]
[Round "3"]
[White "Buscapina"]
[Black "marjose"]
[Result "1-0"]
[ICCResult "Black resigns"]
[WhiteElo "2256"]
[BlackElo "1747"]
[Opening "Three knights game"]
[ECO "C46"]
[NIC "KP.06"]
[Time "19:28:38"]
[TimeControl "180+0"]

1. e4 e5 2. Nf3 Nc6 3. Nc3 Bc5 4. Bc4 d6 5. d3 h6 6. Be3 Nf6 7. O-O Bg4 8.
h3 Bh5 9. Bxc5 dxc5 10. Nd5 Nd4 11. g4 Bg6 12. Nxe5 O-O 13. Nxg6 b5 14. Nxf8
bxc4 15. c3 Nc6 16. Qa4 Ne5 17. f4 Nxd3 18. Nxf6+ Qxf6 19. Nd7 Qh4 20. Rf3
Ne1 21. Re3 Nd3 22. Rf1 Rd8 23. Qxc4 Nxb2 24. Qe2 {Black resigns} 1-0

[Event "ICCopen2017"]
[Site "Internet Chess Club"]
[Date "2017.04.02"]
[Round "3"]
[White "samank"]
[Black "thxgg"]
[Result "0-1"]
[ICCResult "White forfeits on time"]
[WhiteElo "1383"]
[BlackElo "1824"]
[Opening "French: Two knights variation"]
[ECO "C00"]
[NIC "FR.01"]
[Time "19:28:15"]
[TimeControl "180+0"]

1. e4 e6 2. Nf3 d5 3. Nc3 d4 4. Ne2 Nf6 5. e5 Nfd7 6. Nexd4 Nxe5 7. Nxe5
Qxd4 8. Nf3 Qb6 9. Bc4 Bd7 10. d3 Nc6 11. O-O Bd6 12. Be3 Qxb2 13. Rb1 Qf6
14. Rxb7 O-O 15. Bg5 Qg6 16. Qd2 Rab8 17. Rfb1 Rxb7 18. Rxb7 e5 19. Bb5 a6
20. Bxc6 Bxc6 21. Rb1 e4 22. Nh4 Qh5 23. g3 exd3 24. cxd3 h6 25. Bf4 Be7 26.
Qd1 Qxd1+ 27. Rxd1 g5 28. Bxc7 gxh4 29. Rc1 Bd5 30. Rc6 Bxc6 31. gxh4 Bxh4
32. Bg3 Bxg3 33. hxg3 Rd8 34. f4 Rxd3 35. Kh2 Kg7 36. Kh3 Kg6 37. Kg4 Bf3+
{White forfeits on time}
0-1

[Event "ICCopen2017"]
[Site "Internet Chess Club"]
[Date "2017.04.02"]
[Round "3"]
[White "cheslikeyomama"]
[Black "CapitanCentella"]
[Result "0-1"]
[ICCResult "White checkmated"]
[WhiteElo "1423"]
[BlackElo "1766"]
[Opening "Queen's pawn game"]
[ECO "D00"]
[NIC "QP.08"]
[Time "19:29:03"]
[TimeControl "180+0"]

1. d4 d5 2. e3 e6 3. f4 f5 4. Nf3 Nf6 5. Bd3 c5 6. c3 c4 7. Bc2 Nc6 8. Nbd2
b5 9. O-O Be7 10. Ne5 Bb7 11. Qh5+ Nxh5 12. g4 Nxe5 13. fxe5 fxg4 14. e4 g6
15. exd5 Bxd5 16. Ne4 Rf8 17. Bh6 Rxf1+ 18. Rxf1 Kd7 19. a4 a6 20. Rf7 Qb6
21. Nd6 bxa4 22. Bxa4+ Bc6 23. Bxc6+ Qxc6 24. Bg5 Re8 25. Nxe8 Kxe8 26.
Rxe7+ Kf8 27. Rxh7 Qf3 28. Be7+ Ke8 29. Bc5 Nf4 30. Re7+ Kd8 31. d5 Qg2#
{White checkmated}
0-1

[Event "ICCopen2017"]
[Site "Internet Chess Club"]
[Date "2017.04.02"]
[Round "3"]
[White "Almutairih"]
[Black "WobblySquares"]
[Result "0-1"]
[ICCResult "White checkmated"]
[WhiteElo "1304"]
[BlackElo "1581"]
[Opening "Two knights defense"]
[ECO "C55"]
[NIC "IG.01"]
[Time "19:29:05"]
[TimeControl "180+0"]

1. e4 e5 2. Nf3 Nc6 3. Bc4 Nf6 4. O-O Be7 5. d4 d6 6. dxe5 Nxe5 7. Nxe5 dxe5
8. Qe2 O-O 9. Nc3 c6 10. f4 Bg4 11. Qf2 Qd4 12. Qxd4 exd4 13. h3 dxc3 14.
hxg4 Nxg4 15. bxc3 Bc5+ 16. Kh1 Nf2+ 17. Kh2 Nxe4 18. Rf3 Rad8 19. Bd3 f5
20. Bb2 Nf2 21. Bc4+ Kh8 22. Rg3 Ng4+ 23. Kh3 Rf6 24. Bd3 Rh6#
{White checkmated}
0-1

[Event "ICCopen2017"]
[Site "Internet Chess Club"]
[Date "2017.04.02"]
[Round "3"]
[White "Alinochka199217"]
[Black "Bojack"]
[Result "0-1"]
[ICCResult "White checkmated"]
[WhiteElo "2527"]
[BlackElo "2188"]
[Opening "Queen's Indian: Nimzovich variation (exaggerated fianchetto)"]
[ECO "E15"]
[NIC "QI.05"]
[Time "19:28:16"]
[TimeControl "180+0"]

1. d4 Nf6 2. c4 e6 3. Nf3 b6 4. g3 Ba6 5. Qc2 Bb7 6. Bg2 c5 7. d5 exd5 8.
cxd5 Nxd5 9. Qb3 Qc8 10. Ng5 c4 11. Qf3 f6 12. Nxh7 Rxh7 13. Qe4+ Ne7 14.
Qxb7 Nbc6 15. Qxc8+ Rxc8 16. O-O Nd4 17. Nc3 Nef5 18. e4 Nh6 19. h3 Nf7 20.
Bf4 Bb4 21. Bd2 Ne5 22. f4 Nd3 23. Rad1 Nxb2 24. Rb1 Nd3 25. Rxb4 Nxb4 26.
Be3 Nbc2 27. Bf2 b5 28. Rd1 b4 29. Nd5 Ne2+ 30. Kf1 Nc3 31. Nxc3 bxc3 32.
Rc1 Nb4 33. a3 Nd3 34. Rxc3 Nxf2 35. Kxf2 Rh5 36. f5 Ke7 37. Bf1 Kd6 38. g4
Rhh8 39. Bxc4 Ke5 40. Ke2 Kd4 41. Rd3+ Kxc4 42. Rxd7 Rxh3 43. Rxg7 Kd4 44.
Rd7+ Ke5 45. Re7+ Kf4 46. Kd2 Rb8 47. Kc2 Rg3 48. e5 fxe5 49. f6 Rh8 50. f7
Rh2+ 51. Kd1 Rg1# {White checkmated} 0-1

[Event "ICCopen2017"]
[Site "Internet Chess Club"]
[Date "2017.04.02"]
[Round "3"]
[White "ElTopo"]
[Black "ZonaLeste"]
[Result "0-1"]
[ICCResult "White resigns"]
[WhiteElo "1340"]
[BlackElo "1662"]
[Opening "Caro-Kann: Steinitz variation"]
[ECO "B17"]
[NIC "CK.08"]
[Time "19:29:34"]
[TimeControl "180+0"]

1. e4 c6 2. d4 d5 3. Nd2 dxe4 4. Nxe4 Nd7 5. Nf3 Ngf6 6. Nxf6+ Nxf6 7. Bd3
Bf5 8. Bxf5 Qa5+ 9. Bd2 Qxf5 10. Qe2 O-O-O 11. O-O-O Ne4 12. Rhf1 f6 13. c3
Nxd2 14. Rxd2 g6 15. Re1 e5 16. dxe5 Bh6 17. exf6 Bxd2+ 18. Nxd2 Qxf6 19.
Ne4 Qf4+ 20. Kb1 Rhe8 21. f3 Qxh2 22. Qc4 Kc7 23. Qf7+ Kb8 24. Nc5 Rxe1+ 25.
Kc2 Qc7 26. Qxc7+ Kxc7 27. Ne6+ Rxe6 {White resigns} 0-1

[Event "ICCopen2017"]
[Site "Internet Chess Club"]
[Date "2017.04.02"]
[Round "3"]
[White "BenkoChess"]
[Black "garompon"]
[Result "0-1"]
[ICCResult "White forfeits on time"]
[WhiteElo "1840"]
[BlackElo "2497"]
[Opening "Réti opening"]
[ECO "A05"]
[NIC "QP.11"]
[Time "19:28:30"]
[TimeControl "180+0"]

1. Nf3 Nf6 2. g3 d5 3. Bg2 c6 4. d3 Bg4 5. Nbd2 Nbd7 6. h3 Bh5 7. g4 Bg6 8.
Nh4 e6 9. e3 Bd6 10. Qe2 Qe7 11. f4 d4 12. Nb3 dxe3 13. Nxg6 hxg6 14. Bxe3
Nd5 15. Rf1 Nxe3 16. Qxe3 Qh4+ 17. Kd2 Nb6 18. Qf2 O-O-O 19. Rae1 g5 20.
Qxh4 gxh4 21. Kc1 Nd5 22. Bxd5 exd5 23. Nd4 g6 24. f5 Bg3 25. Re2 Rde8 26.
fxg6 fxg6 27. Rf6 Be5 28. Rxe5 Rxe5 29. Rxg6 Re1+ 30. Kd2 Rh1 31. Nf5 Rxh3
32. g5 Rf3 33. Rf6 Rxf5 34. Rxf5 h3 35. Rf1 h2 36. Rh1 Kd7 37. g6 Ke6 38. g7
Rg8 39. Rxh2 Rxg7 40. Rh6+ Kd7 41. Rf6 Kc7 42. Kc3 c5 43. b4 b6 44. b5 Rg4
45. a3 Ra4 46. Rf7+ Kd6 47. Kb3 Rh4 48. a4 c4+ 49. Ka3 cxd3 50. cxd3 Rd4 51.
Rxa7 Rxd3+ 52. Kb4 Rd4+ 53. Kb3 Rh4 54. Rb7 Rh3+ 55. Kb4 Rh4+ 56. Kb3 d4 57.
Rxb6+ Kd5 58. Rc6 Rh3+ 59. Kc2 Rh2+ 60. Kd3 Rh3+ 61. Kd2 Ra3
{White forfeits on time}
0-1

[Event "ICCopen2017"]
[Site "Internet Chess Club"]
[Date "2017.04.02"]
[Round "3"]
[White "chessrex"]
[Black "Mandragora"]
[Result "1/2-1/2"]
[ICCResult "Game drawn by repetition"]
[WhiteElo "1904"]
[BlackElo "1564"]
[Opening "Blackmar-Diemer gambit"]
[ECO "A45"]
[NIC "QP.07"]
[Time "19:28:22"]
[TimeControl "180+0"]

1. d4 Nf6 2. f3 d5 3. e4 dxe4 4. Nc3 exf3 5. Nxf3 Bg4 6. h3 Bxf3 7. Qxf3 c6
8. g4 h6 9. Be3 Nbd7 10. Bd3 e6 11. O-O Bb4 12. Ne4 Be7 13. h4 Qc7 14. Rf2
O-O-O 15. g5 hxg5 16. hxg5 Nxe4 17. Bxe4 Bd6 18. Rg2 Rh4 19. Bf2 Rh2 20.
Rxh2 Bxh2+ 21. Kf1 Rh8 22. Ke2 Bf4 23. Rg1 Rh2 24. Rg4 Bd6 25. Qxf7 b6 26.
Rg2 Rh3 27. Qxe6 Rh8 28. Kd1 Kb7 29. Bf5 Rd8 30. Qc4 Bf4 31. Rg4 Ne5 32. Qe2
Nxg4 33. Qxg4 Qe5 34. Bd3 Qxg5 35. Qxg5 Bxg5 36. Ke2 c5 37. c3 cxd4 38. Bxd4
Bf6 39. Be4+ Kc7 40. Be3 a5 41. Bf4+ Kd7 42. Bf5+ Ke7 43. Bc7 Rd5 44. Be4
Rd6 45. Bxd6+ Kxd6 46. Kd3 Kc5 47. a3 b5 48. b4+ axb4 49. axb4+ Kb6 50. c4
bxc4+ 51. Kxc4 Be7 52. b5 Bc5 53. Bg6 Bg1 54. Be4 Bc5 55. Bg6 Bg1 56. Be8
Bc5 57. Bc6 Bg1 58. Bg2 Bc5 59. Bc6 Bg1 60. Kd5 Bc5 61. Ke6 Bg1 62. Kf5 Bd4
63. Kg6 Ba1 64. Kf5 Bc3 65. Kg6 Ba1 66. Kf5 Bb2 67. Kg6 Ba1 68. Kf5 Bb2 69.
Kg6 Ba1 {Game drawn by repetition} 1/2-1/2

[Event "ICCopen2017"]
[Site "Internet Chess Club"]
[Date "2017.04.02"]
[Round "3"]
[White "hecan58"]
[Black "Ohanessian"]
[Result "0-1"]
[ICCResult "White forfeits on time"]
[WhiteElo "1736"]
[BlackElo "2129"]
[Opening "Alekhine's defense: exchange variation"]
[ECO "B02"]
[NIC "AL.08"]
[Time "19:28:19"]
[TimeControl "180+0"]

1. e4 Nf6 2. e5 Nd5 3. c4 Nb6 4. d4 d6 5. exd6 cxd6 6. Nc3 g6 7. Be3 Bg7 8.
Rc1 O-O 9. b3 Nc6 10. d5 Ne5 11. Be2 f5 12. f4 Ng4 13. Bxg4 fxg4 14. Nge2 e5
15. O-O e4 16. Bd4 Bf5 17. Bxg7 Kxg7 18. Nxe4 Bxe4 19. Qd4+ Qf6 20. Qxe4
Rae8 21. Qd3 Nd7 22. Nd4 Nc5 23. Qd1 Re4 24. Nb5 a6 25. Nc7 Rf7 26. b4 Rxc7
27. bxc5 Rxc5 28. Qxg4 Qf5 29. Qh4 Rexc4 30. Rxc4 Rxc4 31. Qe7+ Qf7 32. Qxd6
Qc7 33. Qe6 Rd4 34. f5 Qc5 35. f6+ Kh6 36. Kh1 Qc4 37. Qh3+ Rh4 38. Qe3+ g5
39. Qf3 Rf4 40. Qh3+ Kg6 41. Re1 Qf1+ {White forfeits on time} 0-1

[Event "ICCopen2017"]
[Site "Internet Chess Club"]
[Date "2017.04.02"]
[Round "3"]
[White "nikenwidiartto"]
[Black "ShiningPath"]
[Result "0-1"]
[ICCResult "White resigns"]
[WhiteElo "1817"]
[BlackElo "2690"]
[Opening "French: Two knights variation"]
[ECO "C00"]
[NIC "FR.01"]
[Time "19:29:42"]
[TimeControl "180+0"]

1. e4 e6 2. Nc3 d5 3. Nf3 Bb4 4. e5 c5 5. d4 cxd4 6. Nxd4 Nc6 7. Nxc6 bxc6
8. Bd2 Ne7 9. Bd3 O-O 10. O-O c5 11. Qh5 Ng6 12. a3 Ba5 13. Rad1 c4 14. Be2
Rb8 15. Bg5 Qc7 16. f4 Rxb2 17. Na4 Rxc2 18. Bg4 d4 19. Rf3 Qc6 20. Rg3 Bb7
21. Bf3 Qxa4 22. Bxb7 Rc3 23. Be4 Qxa3 24. Rxc3 Qxc3 25. Rf1 Qe3+ 26. Kh1
Qxe4 27. h3 d3 28. f5 Qe2 {White resigns} 0-1

[Event "ICCopen2017"]
[Site "Internet Chess Club"]
[Date "2017.04.02"]
[Round "3"]
[White "Ajolote"]
[Black "Colombiano07"]
[Result "0-1"]
[ICCResult "White checkmated"]
[WhiteElo "1470"]
[BlackElo "1899"]
[Opening "Sicilian: closed"]
[ECO "B24"]
[NIC "SI.44"]
[Time "19:29:56"]
[TimeControl "180+0"]

1. e4 c5 2. Nc3 g6 3. g3 Bg7 4. Bg2 Nc6 5. d3 e6 6. Nge2 Nge7 7. O-O O-O 8.
f4 d5 9. h3 dxe4 10. Nxe4 b6 11. g4 Bb7 12. N2g3 Nd5 13. c4 Ndb4 14. f5 exf5
15. gxf5 Qxd3 16. f6 Qxd1 17. Rxd1 Bh8 18. Bh6 Rfd8 19. Ng5 Bxf6 20. a3 Nc2
21. Rf1 Bxg5 22. Bxg5 Nxa1 23. Ne4 f5 24. Nf6+ Kg7 25. Re1 Nc2 26. Re2 N6d4
27. Re7+ Kf8 28. Rxb7 Ne6 29. Rxh7 Nxg5 30. Rh8+ Kg7 31. Rh7+ Kxf6 32. Rc7
Rac8 33. Rxa7 Rd1+ 34. Kh2 Rd2 35. h4 f4 36. hxg5+ Kxg5 37. Ra6 f3 38. Rxb6
Rxg2+ 39. Kh1 Rh8# {White checkmated} 0-1

[Event "ICCopen2017"]
[Site "Internet Chess Club"]
[Date "2017.04.02"]
[Round "3"]
[White "Jesus"]
[Black "RobertoJBM"]
[Result "0-1"]
[ICCResult "White resigns"]
[WhiteElo "1890"]
[BlackElo "2631"]
[Opening "Caro-Kann: Steinitz variation"]
[ECO "B17"]
[NIC "CK.09"]
[Time "19:28:42"]
[TimeControl "180+0"]

1. e4 c6 2. d4 d5 3. Nd2 dxe4 4. Nxe4 Nd7 5. Bc4 Ngf6 6. Ng5 e6 7. N1f3 h6
8. Nh3 g5 9. Nhg1 b5 10. Bb3 Bb7 11. c3 Bd6 12. Qe2 Qc7 13. Nd2 a6 14. Ngf3
c5 15. Nf1 g4 16. Nh4 c4 17. Bc2 O-O-O 18. Ng3 Rde8 19. Be3 Nb6 20. O-O-O
Nbd5 21. Bd2 Nf4 22. Bxf4 Bxf4+ 23. Kb1 Bg5 24. Ng6 fxg6 25. Bxg6 Re7 26. f3
gxf3 27. gxf3 Nd5 28. Be4 Rf8 29. Qc2 Ne3 30. Qe2 Nxd1 31. Rxd1 Bf4 32. Nh5
Bd6 33. Rg1 Kb8 34. Rg6 Bxe4+ 35. Qxe4 Qb7 36. Rg4 Qxe4+ 37. Rxe4 Rxf3
{White resigns}
0-1

[Event "ICCopen2017"]
[Site "Internet Chess Club"]
[Date "2017.04.02"]
[Round "3"]
[White "devotional"]
[Black "DaGame"]
[Result "0-1"]
[ICCResult "White forfeits on time"]
[WhiteElo "2147"]
[BlackElo "2714"]
[Opening "Sicilian defense"]
[ECO "B40"]
[NIC "SI.43"]
[Time "19:29:17"]
[TimeControl "180+0"]

1. e4 c5 2. Nf3 e6 3. g3 Nc6 4. Bg2 Nf6 5. Nc3 d6 6. O-O Be7 7. Re1 O-O 8.
a3 Bd7 9. Rb1 a5 10. a4 Nd4 11. Nxd4 cxd4 12. Nb5 Bxb5 13. axb5 Qb6 14. c4
Nd7 15. d3 Nc5 16. b3 Qd8 17. Ba3 Rc8 18. Qd2 b6 19. e5 dxe5 20. Bxc5 Rxc5
21. Bc6 f5 22. Re2 Bg5 23. Qe1 Qd6 24. Rbb2 e4 25. dxe4 d3 26. e5 Qd4 27. h4
dxe2 28. hxg5 Qxb2 {White forfeits on time} 0-1

[Event "ICCopen2017"]
[Site "Internet Chess Club"]
[Date "2017.04.02"]
[Round "3"]
[White "VrloJakMK"]
[Black "Mysterious17"]
[Result "0-1"]
[ICCResult "White checkmated"]
[WhiteElo "2024"]
[BlackElo "1676"]
[Opening "Polish defense"]
[ECO "A40"]
[NIC "QO.17"]
[Time "19:29:30"]
[TimeControl "180+0"]

1. d4 b5 2. e4 a6 3. Bd3 Bb7 4. Qe2 Nf6 5. f3 e6 6. c3 c5 7. Be3 Qb6 8. Nd2
Nc6 9. Qf2 cxd4 10. cxd4 d5 11. e5 Nd7 12. Ne2 Be7 13. O-O O-O 14. Rac1 Nb4
15. Bb1 Rac8 16. a3 Nc6 17. Qh4 Bxh4 18. Nf4 Be7 19. Nh5 g6 20. Ng3 Na5 21.
Ne2 Nc4 22. Nxc4 bxc4 23. Rc2 Qc7 24. Nc3 Nb6 25. Rcf2 Bc6 26. f4 Na4 27.
Na2 Nxb2 28. Rxb2 Ba4 29. Rbf2 c3 30. Bc2 Bxc2 31. Rxc2 Bxa3 32. Rxc3 Qxc3
33. Nxc3 Rxc3 34. Bd2 Rc2 35. Ba5 Rfc8 36. Kh1 Bb2 37. Bb6 Rd2 38. h3 Bxd4
39. Ba5 Rd3 40. Rb1 Rc2 41. Rb8+ Kg7 42. Bd8 Rd1+ 43. Kh2 Rdd2 44. Bf6+ Kh6
45. Bg5+ Kg7 46. Bf6+ Kh6 47. Bg5+ Kh5 48. Kh1 Rxg2 49. Rb2 Rh2#
{White checkmated}
0-1

[Event "ICCopen2017"]
[Site "Internet Chess Club"]
[Date "2017.04.02"]
[Round "3"]
[White "blackhole1"]
[Black "FGM21"]
[Result "0-1"]
[ICCResult "White forfeits on time"]
[WhiteElo "1590"]
[BlackElo "1902"]
[Opening "King's Indian defense"]
[ECO "E60"]
[NIC "KI.80"]
[Time "19:28:14"]
[TimeControl "180+0"]

1. d4 Nf6 2. c4 g6 3. e3 Bg7 4. Nf3 O-O 5. Be2 c5 6. O-O b6 7. b3 Bb7 8. Bb2
d6 9. d5 Na6 10. Nbd2 e5 11. e4 Nh5 12. g3 Bc8 13. Re1 Bh6 14. Nh4 Ng7 15.
Ng2 f5 16. exf5 gxf5 17. f4 e4 18. Nf1 Nc7 19. Nfe3 a6 20. Qc2 b5 21. cxb5
Nxb5 22. Bxb5 axb5 23. Qc3 b4 24. Qc4 Ba6 25. Qc2 Bd3 26. Qd2 Nh5 27. Rac1
Bg7 28. Bxg7 Kxg7 29. Qb2+ Qf6 30. Qxf6+ Nxf6 31. Nh4 Ne8 32. Nhxf5+ Kg6 33.
Nh4+ Kh5 34. Ra1 Ra7 35. Nc4 Rg7 36. Ng2 Kg4 37. a3 bxa3 38. Rxa3 h5 39. Ra6
Rf6 40. Nge3+ Kh3 41. Nd2 h4 42. Ndf1 Rxf4 43. Kh1 Bxf1 44. Rxf1 Rf3 45.
Rxf3 exf3 46. Kg1 Re7 47. Kf2 hxg3+ 48. hxg3 Rf7 49. Nf1 Kg4 50. Nh2+ Kf5
51. Ra4 Ke5 52. Rh4 Kxd5 53. Rh5+ Kc6 54. Ng4 Nf6 55. Nxf6 Rxf6 56. Rh7 d5
57. Rh5 c4 58. bxc4 dxc4 {White forfeits on time} 0-1

[Event "ICCopen2017"]
[Site "Internet Chess Club"]
[Date "2017.04.02"]
[Round "3"]
[White "dynamo"]
[Black "CaptainArcher"]
[Result "0-1"]
[ICCResult "White resigns"]
[WhiteElo "1767"]
[BlackElo "2234"]
[Opening "Sicilian: Hungarian variation"]
[ECO "B27"]
[NIC "SI.43"]
[Time "19:29:07"]
[TimeControl "180+0"]

1. e4 c5 2. Nf3 g6 3. c3 Bg7 4. Bc4 e6 5. O-O Nc6 6. d4 cxd4 7. cxd4 d5 8.
exd5 exd5 9. Re1+ Nge7 10. Bb3 O-O 11. Nc3 h6 12. Bf4 Bg4 13. Qd2 Bxf3 14.
gxf3 Nxd4 15. Kg2 Kh7 16. Rad1 Qd7 17. Be5 Nxb3 18. axb3 Rfd8 19. Bxg7 Kxg7
20. Qd4+ Kg8 21. Qf6 Re8 22. Rd4 Rad8 23. Rg4 Qf5 24. Qxf5 Nxf5 25. Rxe8+
Rxe8 26. Nxd5 Re2 27. Nf6+ Kg7 28. Nd7 Ne3+ 29. Kg3 Nxg4 30. fxg4 Rxb2 31.
Nc5 b6 32. Ne4 Rxb3+ 33. Kf4 a5 34. f3 a4 35. Nd2 Rb4+ 36. Ke3 a3 37. Kd3 a2
38. Kc3 Rb1 {White resigns} 0-1

[Event "ICCopen2017"]
[Site "Internet Chess Club"]
[Date "2017.04.02"]
[Round "3"]
[White "LevAbramovich"]
[Black "giovana64"]
[Result "1-0"]
[ICCResult "Black resigns"]
[WhiteElo "2022"]
[BlackElo "1625"]
[Opening "Scandinavian (center counter) defense"]
[ECO "B01"]
[NIC "VO.17"]
[Time "19:29:49"]
[TimeControl "180+0"]

1. e4 d5 2. exd5 Qxd5 3. d4 Nf6 4. Nf3 Bg4 5. Be2 e6 6. Be3 Be7 7. Nbd2 O-O
8. O-O c5 9. c4 Qc6 10. Ne5 Bxe2 11. Nxc6 Bxd1 12. Nxe7+ Kh8 13. Rfxd1 Re8
14. Nf5 exf5 15. dxc5 Nc6 16. Nf3 Ne4 17. a3 a5 18. Rd7 Red8 19. Rxf7 Rf8
20. Rxb7 Rfb8 21. Rxb8+ Rxb8 22. Nd4 Ne5 23. c6 Nxc4 24. Nxf5 Ne5 25. c7 Rc8
26. Rc1 Nf6 27. Ne7 Nd3 28. Nxc8 Nxc1 29. Ne7 {Black resigns} 1-0

[Event "ICCopen2017"]
[Site "Internet Chess Club"]
[Date "2017.04.02"]
[Round "3"]
[White "Mmario"]
[Black "Barbos"]
[Result "1/2-1/2"]
[ICCResult "Black ran out of time and White has no material to mate"]
[WhiteElo "2703"]
[BlackElo "2365"]
[Opening "QGD: Semi-Tarrasch, Kmoch variation"]
[ECO "D35"]
[NIC "TD.08"]
[Time "19:28:19"]
[TimeControl "180+0"]

1. d4 Nf6 2. c4 e6 3. Nc3 d5 4. cxd5 Nxd5 5. e4 Nxc3 6. bxc3 c5 7. Nf3 cxd4
8. cxd4 Bb4+ 9. Bd2 Bxd2+ 10. Qxd2 O-O 11. Bb5 b6 12. O-O Bb7 13. Rfe1 Nd7
14. a4 Nf6 15. Bd3 h6 16. Qe3 Rc8 17. h3 Rc3 18. Qd2 Qc7 19. Rab1 Rc8 20.
Ne5 Qd6 21. Nf3 Qa3 22. Re3 Rc1+ 23. Kh2 Rxb1 24. Bxb1 Qxa4 25. Ne5 Qa1 26.
Rg3 Qxb1 27. Qxh6 Ne8 28. Qh5 Rc7 29. Ng4 Qxe4 30. Qg5 Kf8 31. Qd8 Qd5 32.
Qh4 Qxd4 33. Qh8+ Ke7 34. h4 Rc1 35. Ne3 Qa1 36. Rg5 Qf6 37. Kg3 Nd6 38. f3
Nf5+ 39. Nxf5+ exf5 40. Qb8 Qd6+ 41. Qxd6+ Kxd6 42. Rxg7 Ke6 43. Rg8 Bd5 44.
Kf4 a5 45. Re8+ Kd7 46. Rb8 Kc7 47. Rg8 a4 48. Re8 a3 49. Re2 a2 50. Rxa2
Bxa2 51. h5 b5 52. h6 b4 53. Kxf5 Rh1 54. Kf6 b3 55. Kg7 b2 56. h7 b1=Q 57.
h8=Q Qb2+ 58. Kf8 Qxh8+ 59. Ke7 Qh2 60. Kf8 Qxg2 61. Ke7 Qxf3 62. Kf8 Qf5
63. Ke7 Qe6+ 64. Kf8 Rh8+ 65. Kg7
{Black ran out of time and White has no material to mate}
1/2-1/2

[Event "ICCopen2017"]
[Site "Internet Chess Club"]
[Date "2017.04.02"]
[Round "3"]
[White "Discoverchess"]
[Black "Baltimora"]
[Result "1-0"]
[ICCResult "Black resigns"]
[WhiteElo "2628"]
[BlackElo "2190"]
[Opening "Réti opening"]
[ECO "A30"]
[NIC "QP.10"]
[Time "19:29:54"]
[TimeControl "180+0"]

1. Nf3 c5 2. c4 b6 3. g3 Bb7 4. Bg2 g6 5. d4 Bg7 6. d5 d6 7. O-O Nf6 8. Nc3
O-O 9. e4 e6 10. dxe6 fxe6 11. Ng5 Qe7 12. e5 dxe5 13. Bxb7 Qxb7 14. Nxe6
Re8 15. Nxg7 Kxg7 16. Bg5 Nbd7 17. Re1 Qc6 18. Qd2 Rad8 19. Rad1 Nf8 20. Nd5
Nxd5 21. cxd5 Qd6 22. Bxd8 Rxd8 23. Qg5 Re8 24. Re4 h6 25. Qe3 Nd7 26. Qc3
Nf6 27. Re2 e4 28. f3 g5 29. fxe4 Re5 30. Rf1 Qe7 31. Ref2 Nd7 32. Rf7+ Qxf7
33. Rxf7+ Kxf7 34. Qa3 a5 35. Qa4 Nf6 36. Qc6 Nxe4 37. d6 Nd2 38. d7
{Black resigns}
1-0

[Event "ICCopen2017"]
[Site "Internet Chess Club"]
[Date "2017.04.02"]
[Round "3"]
[White "kaalzar"]
[Black "shally"]
[Result "0-1"]
[ICCResult "White forfeits on time"]
[WhiteElo "1355"]
[BlackElo "1862"]
[Opening "Sicilian: closed, 2...Nc6"]
[ECO "B23"]
[NIC "SI.44"]
[Time "19:29:41"]
[TimeControl "180+0"]

1. e4 c5 2. Nc3 Nc6 3. Bc4 e6 4. d3 d5 5. exd5 exd5 6. Nxd5 Be6 7. Ne3 Bxc4
8. Nxc4 Nf6 9. Bg5 Be7 10. Ne2 O-O 11. O-O b5 12. Ne3 h6 13. Bh4 Re8 14. b3
Nd4 15. Nxd4 Qxd4 16. Nf5 Qe5 17. Nxe7+ Qxe7 18. Re1 Qd6 19. Rxe8+ Rxe8 20.
Bg3 Qc6 21. Qd2 Qe6 22. Kf1 Qc6 23. Re1 Re6 24. Rxe6 Qxe6 25. Qa5 Qd7 26.
Qc7 Qg4 27. f3 Qd4 28. Be5 Qe3 29. Bxf6 gxf6 30. Qd8+ Kg7 31. Qd5 Qc1+ 32.
Kf2 Qxc2+ 33. Kg3 Qc3 34. h4 Qe5+ 35. Qxe5 fxe5 36. Kg4 Kg6 37. h5+ Kf6 38.
Kg3 Kg5 39. Kf2 f5 {White forfeits on time} 0-1

[Event "ICCopen2017"]
[Site "Internet Chess Club"]
[Date "2017.04.02"]
[Round "3"]
[White "F83"]
[Black "DaveyJones"]
[Result "1-0"]
[ICCResult "Black forfeits on time"]
[WhiteElo "1928"]
[BlackElo "1550"]
[Opening "Alekhine's defense: exchange variation"]
[ECO "B02"]
[NIC "AL.08"]
[Time "19:28:26"]
[TimeControl "180+0"]

1. e4 Nf6 2. e5 Nd5 3. c4 Nb6 4. d4 d6 5. exd6 cxd6 6. Nc3 g6 7. h3 Bg7 8.
Nf3 O-O 9. Bd3 Nc6 10. Be3 e5 11. d5 Ne7 12. Qd2 f5 13. Bxb6 Qxb6 14. Ng5 e4
15. Be2 Bd7 16. O-O Qd4 17. Qc2 Qf6 18. Ne6 Bxe6 19. dxe6 Qxe6 20. Rfd1 Rad8
21. Rd2 e3 22. fxe3 Qxe3+ 23. Kh1 Be5 24. Rd3 Qh6 25. Rad1 f4 26. c5 Nf5 27.
cxd6 Ne3 28. Rxe3 fxe3 29. Nd5 Qh4 30. Ne7+ Kg7 31. Qc4 Qg3 32. Nf5+ gxf5
33. Qc7+ Kg6 34. Bh5+ Kxh5 35. Qf7+ Rxf7 36. Kg1 Qf2+ 37. Kh1 Rxd6 38. Rxd6
{Black forfeits on time}
1-0

[Event "ICCopen2017"]
[Site "Internet Chess Club"]
[Date "2017.04.02"]
[Round "3"]
[White "LeonSantillan"]
[Black "TomorrowLand"]
[Result "0-1"]
[ICCResult "White forfeits on time"]
[WhiteElo "1861"]
[BlackElo "1745"]
[Opening "Queen's pawn: London system"]
[ECO "A45"]
[NIC "QP.07"]
[Time "19:28:50"]
[TimeControl "180+0"]

1. d4 Nf6 2. Bf4 e6 3. e3 d5 4. Bd3 c5 5. c3 Bd6 6. Bg3 O-O 7. Nf3 b6 8.
Nbd2 Bb7 9. Ne5 Nc6 10. O-O Ne7 11. Bh4 Nf5 12. Bxf6 Qxf6 13. Nd7 Qh6 14.
Nf3 Rfd8 15. Nde5 f6 16. Ng4 Qh5 17. h3 Qf7 18. Re1 Bc7 19. Qe2 Nd6 20. Ngh2
Ne4 21. Nd2 Qe7 22. Nxe4 dxe4 23. Bc2 Qd6 24. Nf1 Bc6 25. dxc5 Qxc5 26. Red1
Qf5 27. Qg4 Qxg4 28. hxg4 Be5 29. Nd2 f5 30. gxf5 exf5 31. Nc4 Bc7 32. Bb3
Kf8 33. Kf1 Ke7 34. Ke1 a5 35. Rxd8 Rxd8 36. Rd1 b5 37. Nd2 g5 38. Bc2 Ke6
39. Nf1 Rxd1+ 40. Kxd1 h5 41. Ke2 h4 42. f3 exf3+ 43. gxf3 h3 44. Kf2 h2 45.
Nxh2 Bxh2 46. Kg2 Be5 {White forfeits on time} 0-1